 Dungeon Crawl Stone Soup version 0.27.0-1-g7a089689b8 (webtiles) character file.

Game seed: 5298700612449662312

305 solopath the Cutter (level 6, -1/33 HPs)
             Began as a Spriggan Berserker on Aug 4, 2021.
             Was a Believer of Trog.
             Succumbed to a scorpion's poison
             ... on level 4 of the Dungeon.
             The game lasted 00:03:36 (2899 turns).

solopath the Cutter (Spriggan Berserker)            Turns: 2899, Time: 00:03:36

Health: -1/33      AC:  2    Str: 13    XL:     6   Next: 16%
Magic:  7/7        EV: 18    Int:  8    God:    Trog [**....]
Gold:   106        SH:  0    Dex: 17    Spells: 5/5 levels left

rFire    . . .     SeeInvis +   f - +0 dagger (drain)
rCold    . . .     Faith    .   (shield restricted)
rNeg     . . .     Spirit   .   b - +0 animal skin
rPois    .         Reflect  .   (helmet restricted)
rElec    .         Harm     .   (no cloak)
rCorr    .         Rampage  .   (gloves unavailable)
Will     +++..                  (boots unavailable)
Stlth    ++........             (no amulet)
HPRegen  1.11/turn              (no ring)
MPRegen  0.10/turn              (no ring)

@: lethally poisoned (-1 -> -3), strong-willed, on berserk cooldown, flying,
regenerating, very quick
A: very small, no large weapons, unfitting armour, see invisible, speed 3
a: Renounce Religion, Berserk, Trog's Hand


You were on level 4 of the Dungeon.
You worshipped Trog.
Trog was pleased with you.
You visited 1 branch of the dungeon, and saw 4 of its levels.

You collected 106 gold pieces.

Inventory:

Hand Weapons
 a - a +0 short sword
 f - a +0 dagger of draining (weapon)
Armour
 b - a +0 animal skin (worn)
Jewellery
 j - a +4 ring of protection
Wands
 g - a wand of polymorph (8)
Scrolls
 h - 2 scrolls of amnesia
Potions
 c - a potion of lignification


   Skills:
 + Level 3.8 Fighting
 * Level 6.5 Short Blades
 - Level 4.0 Dodging


You had 5 spell levels left.
You didn't know any spells.
Your spell library was empty.

Dungeon Overview and Level Annotations

Branches:
Dungeon (3/15)

Altars:
Cheibriados
Makhleb
Vehumet

Shops:
D:3 [


Innate Abilities, Weirdness & Mutations

You are very small and have problems with some larger weapons.
You are too small for most types of armour.
You have supernaturally acute eyesight. (SInv)
You cover ground extremely quickly. (Speed+++)


Message History

No target in view!
You feel a strong urge to attack something.
You are no longer berserk.
You are exhausted.
You feel yourself slow down.
Your jelly dissolves into shadows!
You open the large door.
An orc comes into view. It is wielding a +0 short sword.
There is a large open door here.
A scorpion comes into view.
The orc shouts!
You hear a shout!
You hit the orc but do no damage.
You hear the slow hiss of a very distant avalanche of sand.
The orc hits you with a +0 short sword.
A kobold comes into view.
It is wielding a +0 club and quivering poisoned darts.
The scorpion stings you.
You are poisoned.
The scorpion poisons you!
You feel very sick.
Unknown command.
You feel sick.
There is a large open door here.
You feel sick.
You feel sick.
It was a potion of flight.
You feel very buoyant.
You fly up into the air.
You feel sick. The orc closely misses you. The scorpion completely misses you.
The kobold falls through a shaft!
The shaft crumbles and collapses.
The orc hits you with a +0 short sword. The scorpion stings you.
You feel sick.
It was a potion of magic.
Magic courses through your body.
You feel sick. The scorpion stings you!
* * * LOW HITPOINT WARNING * * *
You are more poisoned.
The scorpion poisons you!
Unknown command.
Your skin crawls.
You feel strong-willed.
You feel yourself speed up.
You die...

##...#####..##.#
#.......)).....#
#......##.....##
#++
#.....####)..###.#
♣♣♣..♣♣♣
##...............#
♣......♣
##.#######.######
#..♣####.# #.#
#..#..'.##.# ##'##
#. #..'os@.#
##...## .K
#.♣###### #.....#
♣. K..♣ #.......#
♣ ♣..♣♣♣
#.........# #++
+.........+
#.........#
##.......##
##.....## ##...##


You could see a scorpion and an orc.

Vanquished Creatures
  An orc warrior (D:4)
  A hound (D:2)
  An orc wizard (D:3)
  A gnoll (D:1)
  6 adders
  A worm (D:2)
  3 dart slugs
  13 orcs
  3 bats
  5 endoplasms
  3 giant cockroaches
  9 goblins
  7 hobgoblins
  2 kobolds
  3 quokkas
  6 ball pythons
  7 rats
72 creatures vanquished.

Vanquished Creatures (collateral kills)
  An orc (D:4)
1 creature vanquished.

Vanquished Creatures (others)
  38 plants (D:3)
38 creatures vanquished.

Grand Total: 111 creatures vanquished

Notes
Turn   | Place    | Note
-------+----------+-------------------------------------------
     0 | D:1      | solopath the Spriggan Berserker began the quest for the
                  | Orb.
     0 | D:1      | Reached XP level 1. HP: 11/11 MP: 2/2
   205 | D:1      | Reached XP level 2. HP: 16/16 MP: 3/3
   220 | D:1      | Reached skill level 4 in Short Blades
   537 | D:1      | Reached XP level 3. HP: 19/19 MP: 4/4
  1123 | D:2      | Reached XP level 4. HP: 23/24 MP: 5/5
  1209 | D:2      | Reached skill level 5 in Short Blades
  1503 | D:2      | Reached ** piety under Trog
  2141 | D:3      | Found a radiant altar of Vehumet.
  2154 | D:3      | Found a faded altar of an unknown god.
  2201 | D:3      | Found a snail-covered altar of Cheibriados.
  2217 | D:3      | Reached XP level 5. HP: 28/28 MP: 6/6
  2255 | D:3      | Found Yttesuc's Antique Armour Boutique.
  2371 | D:3      | Found a burning altar of Makhleb.
  2371 | D:3      | Noticed a cacodemon
  2823 | D:3      | You fall into a shaft and drop 1 floor!
  2833 | D:4      | Noticed an orc warrior
  2851 | D:4      | Killed an orc warrior
  2852 | D:4      | Reached skill level 6 in Short Blades
  2852 | D:4      | Reached XP level 6. HP: 33/33 MP: 7/7
  2898 | D:4      | HP: 1/33 [scorpion (8)]
  2899 | D:4      | Succumbed to a scorpion's poison

Illustrated notes

Levels and vault maps discovered:
D:1:      nicolae_arrival_washed_ashore, layout_rooms
D:2:      layout_loops_corners, amethyst_killhole
D:3:      layout_loops_cross, cheibriados_altar_1, general_overflow_altar,
          makhleb_altar_promises_db, shapermc_ecumenical_altar_starsandcircs,
          serial_shops, shop, serial_bayou_lagoon_a, minmay_bisected
D:4:      layout_loops_corners, mainiacjoe_overflow_paths,
          chequers_ossuary_entry_cave, kennysheep_generic_room_7

Skill      XL: |  1  2  3  4  5 |
---------------+----------------+-----
Short Blades   | 4 5 6 |  6.5
Fighting       | 3 |  3.8
Dodging        | |  4.0

Action                   |  1- 3 |  4- 6 || total
-------------------------+-------+-------++-------
Melee: Short sword       |    47 |       ||    47
       Dagger            |    19 |   132 ||   151
Invok: Berserk           |     3 |     4 ||     7
       Trog's Hand       |       |     1 ||     1
  Use: Scroll            |       |     3 ||     3
       Potion            |       |     2 ||     2
 Stab: Sleeping          |     1 |     2 ||     3
Armor: Animal skin       |     3 |     9 ||    12
Dodge: Dodged            |    46 |    91 ||   137
